 Dungeon Crawl Stone Soup version 0.31-a0-219-g8d62b2e7bb (webtiles) character file.

Game seed: 5141688654371315644

228 Zonian the Magician (level 5, 0/28 HPs)
             Began as a Deep Elf Air Elementalist on July 3, 2023.
             Slain by a river rat (5 damage)
             ... summoned by Eustachio
             ... on level 4 of the Dungeon.
             The game lasted 00:05:19 (3946 turns).

Zonian the Magician (Deep Elf Air Elementalist)     Turns: 3946, Time: 00:05:19

Health: 0/28       AC:  2    Str:  5    XL:     5   Next: 70%
Magic:  11/13      EV: 14    Int: 28    God:
Gold:   211        SH:  0    Dex: 17    Spells: 9/12 levels left

rFire   . . .        s - +0 rapier
rCold   . . .        (no shield)
rNeg    + . .        k - +0 robe "Eklum" {*Slow rElec rN+ Dex+2}
rPois   .            (no helmet)
rElec   +            (no cloak)
rCorr   .            (no gloves)
SInv    .            (no boots)
Will    .....        (no amulet)
Stlth   +++          d - +6 ring of intelligence
HPRegen 0.24/turn    g - ring of flight
MPRegen 0.13/turn

%: slow self (1%)
@: flying
A: no striking features
a: no special abilities


You were on level 4 of the Dungeon.
You visited 1 branch of the dungeon, and saw 4 of its levels.

You collected 211 gold pieces.

Inventory:

Hand Weapons
 e - a +0 dagger
 i - a +2 antimagic hand axe
 n - a +0 sling
 s - a +0 rapier (weapon)
Missiles
 m - 2 poisoned darts
 r - a throwing net
Armour
 a - a +0 robe
 k - the +0 robe "Eklum" (worn) {*Slow rElec rN+ Dex+2}
   (You found it on level 2 of the Dungeon)

   Dex:       It affects your dexterity (+2).
   rElec:     It insulates you from electricity.
   rN:        It protects you from negative energy.
   *Slow:     It may slow you when you take damage.
Jewellery
 d - a +6 ring of intelligence (left hand)
 g - a ring of flight (right hand)
Wands
 t - a wand of polymorph (10)
Scrolls
 b - a scroll of enchant armour {unknown}
 c - 2 scrolls of teleportation {unknown}
 f - 2 scrolls of vulnerability {unknown}
 j - a scroll of amnesia {unknown}
 l - a scroll of fear {unknown}
 o - a scroll of identify {unknown}
 q - a scroll of torment {unknown}
Potions
 h - a potion of brilliance {unknown}
 p - a potion of curing {unknown}
 u - a potion of magic


   Skills:
 + Level 4.0 Dodging
 + Level 4.0 Stealth
 + Level 4.4 Spellcasting
 + Level 2.8 Conjurations
 + Level 3.9 Air Magic


You had 9 spell levels left.
You knew the following spells:

 Your Spells              Type           Power      Damage    Failure   Level
a - Shock                 Conj/Air       100%       1d9       1%          1
b - Static Discharge      Conj/Air       50%        2-5/arc   2%          2

Your spell library contained the following spells:

 Spells                   Type           Power      Damage    Failure   Level
 Swiftness                Air            28%        N/A       4%          3
 Slow                     Hex            24%        N/A       7%          1
 Airstrike                Air            14%        2d(2-18)  14%         4
 Confusing Touch          Hex            6%         N/A       22%         3
 Vampiric Draining        Necr           6%         2d6       22%         3


Dungeon Overview and Level Annotations

Branches:
Dungeon (4/15)             Temple (0/1) D:4

Altars:

Annotations:
D:3 Sigmund
D:4 Eustachio


Message History

Unknown command.
You hit Eustachio.
Eustachio is almost dead.
Eustachio misses you. The shadow imp barely misses you.
The river rat barely misses you. Eustachio hits you with a +0 rapier.
Unknown command.
Casting: Static Discharge (safe; 2% risk of failure)
Confirm with . or Enter, or press ? or * to list all spells.
The river rat is struck by an arc of lightning.
The river rat is lightly wounded.
The quokka is struck by an arc of lightning.
The quokka is heavily wounded.
The river rat is struck by an arc of lightning.
The river rat is heavily wounded.
The lightning grounds out.
The shadow imp closely misses you. The river rat closely misses you.
Eustachio hits you with a +0 rapier.
* * * LOW HITPOINT WARNING * * *
Unknown command.
Magic courses through your body. The shadow imp misses you.
The river rat closely misses you.
Eustachio casts a spell.
Eustachio blinks!
The quokka twitches its whiskers.
Unknown command.
Casting: Static Discharge (safe; 2% risk of failure)
Confirm with . or Enter, or press ? or * to list all spells.
The river rat is struck by an arc of lightning.
The river rat is severely wounded.
Something is struck by an arc of lightning.
The lightning grounds out.
The shadow imp is struck by an arc of lightning.
You kill the shadow imp!
The shadow imp disappears in a puff of smoke!
You resist.
You are struck by an arc of lightning.
The river rat closely misses you. The river rat attacks as you move away!
The river rat misses you.
You barely miss the river rat.
The river rat is heavily wounded.
The river rat bites you.
You die...

###.#..# #.# # #.#..# #.# #
#.#..# #.# # #.#..# #.#######
# #.#..# #.......# ###.#..#
#.......+ ....#..# #..@....#
#####..###########§.....#
................@r......#
......############r.....##
..†...........(...r.......
......##...###...###+#....
.......+...........#.#....
.......#.......(.#.#.# ...
.......#...#######.#'########
......##.### #..........#
########)# #..........#


You could see Eustachio, a river rat (summoned) and a quokka (summoned).

Vanquished Creatures
  A hound (D:4)
  Ijyb (D:4)
  An iguana (D:4)
  A sleepcap (D:4)
  4 gnolls (D:3)
  An adder (D:4)
  A worm (D:2)
  4 dart slugs
  2 orcs
  5 bats
  4 endoplasms
  A giant cockroach (D:4)
  9 goblins
  8 hobgoblins
  3 quokkas
  4 ball pythons
  3 frilled lizards
  7 kobolds
  4 rats
64 creatures vanquished.

Notes
Turn   | Place    | Note
-------+----------+-------------------------------------------
     0 | D:1      | Zonian the Deep Elf Air Elementalist began the quest for
                  | the Orb.
     0 | D:1      | Reached XP level 1. HP: 10/10 MP: 6/6
   239 | D:1      | Reached XP level 2. HP: 15/15 MP: 6/8
  1155 | D:2      | Reached XP level 3. HP: 17/19 MP: 3/9
  1158 | D:2      | Learned a level 2 spell: Static Discharge
  1426 | D:2      | Identified the +0 robe "Eklum" {*Slow rElec rN+ Dex+2}
  1647 | D:2      | Found a faded altar of an unknown god.
  2577 | D:3      | Reached XP level 4. HP: 24/24 MP: 4/11
  3094 | D:3      | Noticed Sigmund
  3230 | D:4      | Reached XP level 5. HP: 6/28 MP: 10/13
  3754 | D:4      | Noticed Ijyb
  3819 | D:4      | Killed Ijyb
  3857 | D:4      | Found a staircase to the Ecumenical Temple.
  3932 | D:4      | Noticed Eustachio
  3946 | D:4      | Slain by a river rat

Illustrated notes

Levels and vault maps discovered:
D:1:      sevenhm_arrival_forest_fort_large_2, layout_loops_ring
D:2:      layout_loops_corners, dreamdust_ecumenical_altar_statues
D:3:      layout_loops_ring, serial_bayou, serial_bayou_pond_e,
          serial_bayou_pond_e, serial_bayou_shore_b, serial_bayou_lagoon_a,
          serial_bayou_pond_a, chequers_serial_rivers_small_b, uniq_sigmund
D:4:      layout_basic, marbit_many_paths, minmay_temple_entry_gardened_gates,
          uniq_eustachio, uniq_ijyb

Skill      XL: |  1  2  3  4  5 |
---------------+----------------+-----
Stealth        | 3 4 |  4.0
Dodging        | 3 4 |  4.0
Conjurations   | 2 |  2.8
Spellcasting   | 4 |  4.4
Air Magic      | |  3.9

Action                     |  1- 3 |  4- 6 || total
---------------------------+-------+-------++-------
  Melee: Dagger            |     5 |     2 ||     7
         Rapier            |       |     4 ||     4
   Cast: Shock             |    78 |    58 ||   136
         Static Discharge  |       |     9 ||     9
    Use: Potion            |       |     2 ||     2
   Stab: Distracted        |       |     1 ||     1
 Armour: Robe              |     9 |     1 ||    10
  Dodge: Dodged            |     9 |    19 ||    28

Table legend: (Time is in decaauts)
 A = Elapsed time spent in this place.
 B = Non-inter-level travel time spent in this place.
 C = Inter-level travel time spent in this place.
 D = Time resting spent in this place.
 E = Time spent auto-exploring this place.
 F = Levels seen in this place.
 G = Mean time per level.
                   A        B        C        D        E       F      G
               +--------+--------+--------+--------+--------+-----+--------+
         Total |   3933 |   3792 |    141 |    384 |   2984 |   4 |  983.2 |
       Dungeon |   3933 |   3792 |    141 |    384 |   2984 |   4 |  983.2 |
               +--------+--------+--------+--------+--------+-----+--------+

Top non-repeatable levels by time:
     D:1: 1147 daAuts
     D:2: 1073 daAuts
     D:3: 951 daAuts
     D:4: 760 daAuts
